 Dungeon Crawl Stone Soup version 0.27-a0-1359-ga2a4dfd6fd (webtiles) character file.

Game seed: 7117206824280434521

89 Tocho the Poker (level 4, -1/34 HPs)
             Began as a Merfolk Gladiator on June 28, 2021.
             Succumbed to an orc's poison
             ... on level 3 of the Dungeon.
             The game lasted 00:02:34 (2216 turns).

Tocho the Poker (Merfolk Gladiator)                 Turns: 2216, Time: 00:02:35

Health: -1/34      AC:  3    Str: 12 (14) XL:     4   Next: 55%
Magic:  4/4        EV: 13    Int:  7 (8)  God:
Gold:   115        SH:  0    Dex: 12 (15) Spells: 3/3 levels left

rFire    . . .     SeeInvis .   a - +0 trident
rCold    . . .     Faith    .   (no shield)
rNeg     . . .     Spirit   .   k - +0 robe
rPois    .         Reflect  .   c - +0 helmet
rElec    .         Harm     .   (no cloak)
rCorr    .         Rampage  .   (no gloves)
Will     .....                  (no boots)
Stlth    +.........             (no amulet)
HPRegen  0.11/turn              (no ring)
MPRegen  0.09/turn              (no ring)

@: lethally poisoned (-1 -> -10), attractive
A: (nimble swimmer 2), mertail
a: no special abilities


You were on level 3 of the Dungeon.
You visited 1 branch of the dungeon, and saw 3 of its levels.

You collected 115 gold pieces.

Inventory:

Hand Weapons
 a - a +0 trident (weapon)
Missiles
 d - 3 throwing nets (quivered)
Armour
 b - a +0 leather armour
 c - a +0 helmet (worn)
 k - a +0 robe (worn)
Wands
 i - a wand of charming (10)
Scrolls
 e - a scroll of teleportation {unknown}
 h - 2 scrolls of amnesia {unknown}
 j - a scroll of fear {unknown}
Potions
 l - a potion of resistance {unknown}


   Skills:
 + Level 2.6 Fighting
 + Level 6.2 Polearms
 + Level 2.1 Throwing
 + Level 5.0 Dodging
 + Level 0.8 Stealth


You had 3 spell levels left.
You didn't know any spells.
Your spell library contained the following spells:

 Spells                   Type           Power      Damage    Failure   Level
 Freeze                   Ice            0%         1d3       43%         1
 Magic Dart               Conj           0%         1d3       43%         1
 Searing Ray              Conj           0%         3d3       56%         2
 Dazzling Flash           Conj/Hex       0%         N/A       80%         3
 Frozen Ramparts          Ice            0%         1d2       80%         3
 Ozocubu's Armour         Ice            0%         N/A       80%         3
 Fulminant Prism          Conj/Hex       0%         3d6       99%         4
 Hailstorm                Conj/Ice       0%         3d3       99%         4
 Iskenderun's Mystic Bla  Conj/Tloc      0%         2d3       99%         4
 Metabolic Englaciation   Hex/Ice        0%         N/A       100%        5


Dungeon Overview and Level Annotations

Branches:
Dungeon (3/15)

Altars:

Annotations:
D:3 1 runed translucent door


Innate Abilities, Weirdness & Mutations

((You are quick and stealthy near water. (Stealth+, EV+, Speed+++)))
Your lower body shifts to a powerful aquatic tail in water.


Message History

You hit the orc.
You kill the orc!
The endoplasm hits you.
An orc comes into view. It is wielding a +0 short sword.
The orc shouts!
You hit the worm but do no damage. The endoplasm closely misses you.
An orc comes into view. It is wielding a +0 short sword.
The orc hits you with a +1 hand axe of venom.
You are poisoned.
You puncture the worm!
The worm is heavily wounded.
You feel very sick.
The endoplasm hits you but does no damage.
The worm misses you. The orc closely misses you.
You hit the worm.
The worm is severely wounded.
You feel sick.
The endoplasm hits you but does no damage.
The orc hits you with a +1 hand axe of venom.
You are more poisoned.
The worm closely misses you.
You feel very sick. The orc hits you but does no damage.
You are lethally poisoned!
You feel very sick.
You hit the endoplasm.
The endoplasm is heavily wounded.
* * * LOW HITPOINT WARNING * * *
You feel very sick. The endoplasm freezes you.
You are frozen.
* * * LOW HITPOINT WARNING * * *
It was a potion of degeneration.
There was something very wrong with that liquid.
You feel weakened.
You feel dopey.
You feel clumsy.
* * * LOW HITPOINT WARNING * * *
You feel sick. The endoplasm misses you.
It was a potion of attraction.
You feel attractive to monsters.
You die...

#.# #.#......#
#.######........#
#.##...'........#
..##.###........#
#.# #..........
#.# #....#####+#
#.# #....# ≈≈≈#
#.# ...### ≈≈≈#
#@# ##.# #J#..#.#
#oo....#
#......wo#...#
#....###r# ..#
#.#. .# ... # ..
#. ... #.#


You could see a worm, 3 orcs, an endoplasm and a rat.

Vanquished Creatures
  2 adders (D:2)
  2 worms (D:2)
  2 dart slugs (D:1)
  An orc (D:3)
  6 endoplasms
  3 giant cockroaches
  3 goblins
  3 hobgoblins
  8 jackals (D:1)
  3 kobolds
  A quokka (D:2)
  5 ball pythons
  6 bats
  4 frilled lizards
  11 rats
60 creatures vanquished.

Vanquished Creatures (others)
  3 plants (D:1)
3 creatures vanquished.

Grand Total: 63 creatures vanquished

Notes
Turn   | Place    | Note
-------+----------+-------------------------------------------
     0 | D:1      | Tocho the Merfolk Gladiator began the quest for the Orb.
     0 | D:1      | Reached XP level 1. HP: 16/16 MP: 1/1
     6 | D:1      | Found a faded altar of an unknown god.
    62 | D:1      | Reached XP level 2. HP: 8/22 MP: 2/2
   351 | D:1      | Reached skill level 5 in Polearms
   524 | D:1      | Reached XP level 3. HP: 27/27 MP: 3/3
  1183 | D:2      | Reached XP level 4. HP: 34/34 MP: 4/4
  1486 | D:2      | Reached skill level 6 in Polearms
  1516 | D:2      | Reached skill level 5 in Dodging
  2179 | D:3      | Found a runed translucent door.
  2215 | D:3      | HP: 1/34 [poisoned by an orc]
  2216 | D:3      | Succumbed to an orc's poison

Illustrated notes

Levels and vault maps discovered:
D:1:      dpeg_arrival_line_fractal, layout_rooms,
          ebering_ecumenical_altar_abandoned, chequers_big_river, minivault_19
D:2:      layout_basic, minmay_tall_x
D:3:      minmay_chambers_of_threes, layout_basic, ebering_ghost_sewer_f

Skill      XL: |  1  2  3  4 |
---------------+-------------+-----
Polearms       | 5 6 |  6.2
Dodging        | 5 |  5.0
Fighting       | |  2.6
Throwing       | |  2.1
Stealth        | |  0.8

Action                   |  1- 3 |  4- 6 || total
-------------------------+-------+-------++-------
Melee: Trident           |   131 |    76 ||   207
  Use: Potion            |       |     2 ||     2
 Stab: Sleeping          |       |     1 ||     1
Armor: Leather armour    |    36 |    14 ||    50
       Robe              |       |     3 ||     3
Dodge: Dodged            |    88 |    52 ||   140

Table legend: (Time is in decaauts)
 A = Elapsed time spent in this place.
 B = Non-inter-level travel time spent in this place.
 C = Inter-level travel time spent in this place.
 D = Time resting spent in this place.
 E = Time spent auto-exploring this place.
 F = Levels seen in this place.
 G = Mean time per level.
                   A        B        C        D        E       F      G
               +--------+--------+--------+--------+--------+-----+--------+
         Total |   2211 |   2126 |     85 |      0 |   1717 |   3 |  737.0 |
       Dungeon |   2211 |   2126 |     85 |      0 |   1717 |   3 |  737.0 |
               +--------+--------+--------+--------+--------+-----+--------+

Top non-repeatable levels by time:
     D:2: 1137 daAuts
     D:1: 1014 daAuts
     D:3: 59 daAuts
